 Dungeon Crawl Stone Soup version 0.29.1-15-g9cfb28693d (webtiles) character file.

Game seed: 17499074655809036585

222 Arctor the Insei (level 5, -12/42 HPs)
             Began as a Draconian Transmuter on Feb 23, 2023.
             Was an Initiate of Makhleb.
             Killed by an exploding iguana (15 damage)
             ... ignited by their inner flame
             ... on level 4 of the Dungeon.
             The game lasted 00:03:58 (3132 turns).

Arctor the Insei (Draconian Transmuter)             Turns: 3132, Time: 00:03:59

Health: -12/42     AC:  5    Str: 12    XL:     5   Next: 66%
Magic:  8/9        EV: 12    Int: 17    God:    Makhleb [......]
Gold:   116        SH:  0    Dex: 13    Spells: 6/10 levels left

rFire   + . .      SeeInvis .   q - +5 short sword "Dazxyloch" {vorpal, rC+ rN+ Int+3}
rCold   + + .      Faith    .   (no shield)
rNeg    + . .      Spirit   .   (body armour unavailable)
rPois   .          Reflect  .   (helmet restricted)
rElec   .          Harm     .   g - scarf {rC+ rF+}
rCorr   .          Rampage  .   (no gloves)
Will    .....                   (no boots)
Stlth   +.........              (no amulet)
HPRegen 0.14/turn               (no ring)
MPRegen 0.11/turn               (no ring)

@: no status effects
A: AC +5, unfitting armour, cold-blooded
a: Renounce Religion


You were on level 4 of the Dungeon.
You worshipped Makhleb.
Makhleb was noncommittal.
You visited 1 branch of the dungeon, and saw 4 of its levels.

You collected 116 gold pieces.

Inventory:

Hand Weapons
 c - a +0 dagger of draining
 q - the +5 short sword "Dazxyloch" (weapon) {vorpal, rC+ rN+ Int+3}
   (You found it on level 2 of the Dungeon)

   It inflicts extra damage upon your enemies.
   Int:       It affects your intelligence (+3).
   rC:        It protects you from cold.
   rN:        It protects you from negative energy.
Armour
 b - a scarf of shadows
 g - a scarf of resistance (worn)
Jewellery
 m - an amulet of magic regeneration
Wands
 j - a wand of flame (15)
 n - a wand of iceblast (5)
Scrolls
 d - 2 scrolls of immolation
 h - 7 scrolls of identify {unknown}
Potions
 a - 2 potions of lignification
 e - a potion of haste
 l - a potion of might {unknown}
 o - a potion of brilliance {unknown}
 p - a potion of curing {unknown}
 r - a potion of berserk rage {unknown}


   Skills:
 + Level 2.7 Fighting
 + Level 2.8 Dodging
 + Level 3.9 Unarmed Combat
 + Level 3.0 Spellcasting
 + Level 3.1 Transmutations


You had 6 spell levels left.
You knew the following spells:

 Your Spells              Type           Power      Damage    Failure   Level
a - Beastly Appendage     Tmut           26%        N/A       4%          1
b - Spider Form           Tmut/Pois      8%         N/A       26%         3

Your spell library contained the following spells:

 Spells                   Type           Power      Damage    Failure   Level
 Wereblood                Tmut           13%        N/A       7%          2
 Passwall                 Tmut/Erth      6%         N/A       14%         2
 Apportation              Tloc           4%         N/A       17%         1
 Necrotise                Necr           8%         1d4       17%         1
 Summon Small Mammal      Summ           8%         N/A       17%         1
 Ensorcelled Hibernation  Hex/Ice        4%         N/A       26%         2
 Swiftness                Air            2%         N/A       45%         3
 Ice Form                 Ice/Tmut       8%         N/A       65%         4


Dungeon Overview and Level Annotations

Branches:
Dungeon (4/15)
 Temple: D:4-7

Altars:
Makhleb
Okawaru
Sif Muna

Annotations:
D:3 2 transporters, Mickster's ghost, amateur HOBe


Innate Abilities, Weirdness & Mutations

Your plain brown scales are hard. (AC +5)
You cannot fit into any form of body armour.
You are cold-blooded and may be slowed by cold attacks.


Message History

You aren't carrying any armour which can be enchanted further.
Your transformation is almost over.
A hound comes into view.
The orc warrior hits you with a +0 short sword.
The gnoll hits you from afar with a +0 spear.
* * * LOW HITPOINT WARNING * * *
The iguana barely misses you.
Your worm struggles against the net.
Your kobold hits the orc warrior with a +0 dagger.
Flame seeps out of the orc warrior.
Okay, then.
It was a potion of haste.
You feel yourself speed up.
The orc warrior is engulfed in blazing flames.
Flame seeps out of the orc warrior.
The orc warrior barely misses you.
The gnoll hits your worm with a +0 spear.
Flame seeps out of your worm.
The gnoll hits you from afar with a +0 spear.
* * * LOW HITPOINT WARNING * * *
The iguana bites you.
* * * LOW HITPOINT WARNING * * *
Your kobold hits the orc warrior but does no damage.
It was a potion of cancellation.
Your magical effects are unravelling.
You feel magically purged.
Your horns disappear.
Your talons disappear.
You feel yourself slow down.
Your worm is engulfed in blazing flames.
Your worm's corpse dissolves into shadows!
Your worm explodes!
The fiery explosion engulfs the iguana!!
Makhleb accepts your kill.
The fiery explosion engulfs the gnoll!!!
Makhleb accepts your kill.
The fiery explosion engulfs the gnoll!!!
Makhleb accepts your kill.
The gnoll explodes! x2
The fiery explosion engulfs the gnoll!!
Makhleb accepts your kill.
The gnoll explodes!
The iguana explodes!
The fiery explosion engulfs you! You resist.
You die...

. .. #.. #.. ..#
... #o# .. #g#
#h##### #.#
#.o@§§####g#
#K###○§§##)# #
###§.#g# ##o#[####
#......######
...######.##.......
..........########.
...######## #.
#######.


You could see an orc warrior (inner flame, ally target), a hound, an orc and a
friendly kobold (summoned, inner flame).

Vanquished Creatures
  Terence (D:2)
  Jessica (D:3)
  Ijyb (D:3)
  An iguana (D:4)
  4 gnolls (D:4)
  5 adders
  A worm (D:2)
  2 dart slugs
  An orc (D:3)
  7 endoplasms
  2 giant cockroaches
  7 goblins
  7 hobgoblins
  6 jackals
  11 kobolds
  4 quokkas
  9 ball pythons
  10 bats
  3 frilled lizards
  5 rats
88 creatures vanquished.

Vanquished Creatures (others)
  A plant (D:4)
1 creature vanquished.

Grand Total: 89 creatures vanquished

Notes
Turn   | Place    | Note
-------+----------+-------------------------------------------
     0 | D:1      | Arctor the Draconian Transmuter began the quest for the
                  | Orb.
     0 | D:1      | Reached XP level 1. HP: 16/16 MP: 3/3
   142 | D:1      | Reached XP level 2. HP: 20/23 MP: 5/5
   285 | D:1      | Found a faded altar of an unknown god.
   899 | D:2      | Reached XP level 3. HP: 20/29 MP: 6/6
   900 | D:2      | Found a shimmering blue altar of Sif Muna.
   906 | D:2      | Learned a level 3 spell: Spider Form
  1445 | D:2      | Noticed Terence
  1452 | D:2      | Killed Terence
  1453 | D:2      | Reached XP level 4. HP: 28/36 MP: 5/7
  1560 | D:2      | Identified the +5 short sword "Dazxyloch" {vorpal, rC+ rN+
                  | Int+3}
  1928 | D:3      | Noticed Ijyb
  1952 | D:3      | Killed Ijyb
  2386 | D:3      | Found a transporter.
  2393 | D:3      | Noticed Mickster's ghost (amateur HOBe)
  2408 | D:3      | Reached XP level 5. HP: 42/42 MP: 7/9
  2435 | D:3      | Found a transporter.
  2542 | D:3      | Identified the +0 helmet of Asceticism {rPois}
  2544 | D:3      | Noticed Jessica
  2554 | D:3      | Killed Jessica
  2689 | D:3      | Found a burning altar of Makhleb.
  2807 | D:3      | Became a worshipper of Makhleb the Destroyer
  2950 | D:4      | Found an iron altar of Okawaru.
  3127 | D:4      | Noticed an orc warrior
  3132 | D:4      | Killed by an exploding iguana... ignited by their inner
                  | flame

Illustrated notes

Levels and vault maps discovered:
D:1:      eino_arrival_cavern_e, layout_basic, basic_ecumenical_altar
D:2:      layout_loops_cross, basic_altar, minmay_surrounded, uniq_terence
D:3:      layout_basic, nicolae_overflow_crystal_walls, gammafunk_ghost_arena,
          minmay_misc_feat_square, uniq_jessica, uniq_ijyb
D:4:      layout_basic, okawaru_trees_2, minmay_temple_entry_gardened_gates,
          guppyfry_early_orc_mine

Skill      XL: |  1  2  3  4  5 |
---------------+----------------+-----
Dodging        | 2 |  2.8
Fighting       | 2 |  2.7
Transmutations | 3 |  3.1
Spellcasting   | 3 |  3.0
Unarmed Combat | |  3.9

Action                   |  1- 3 |  4- 6 || total
-------------------------+-------+-------++-------
Melee: Unarmed           |     9 |       ||     9
       Dagger            |    87 |    75 ||   162
       Tailslap          |    10 |    13 ||    23
       Kick              |    12 |     8 ||    20
       Headbutt          |     7 |     3 ||    10
       Short sword       |       |    28 ||    28
       Punch             |       |     2 ||     2
 Cast: Beastly Appendage |    26 |     9 ||    35
  Use: Scroll            |       |     3 ||     3
       Potion            |       |     2 ||     2
 Stab: Sleeping          |     1 |       ||     1
Armor: Skin              |    39 |    34 ||    73
Dodge: Dodged            |    67 |    69 ||   136
